 Seeded DCSS version 0.32-a0-913-g739538afd8 (webtiles) character file.

Game seed: 17047034582663869622 (custom seed)

720 bronco the Blocker (level 7, 0/57 HPs)
             Began as a Mountain Dwarf Monk on Apr 10, 2024.
             Slain by a phantom (4 damage)
             ... on level 4 of the Dungeon.
             The game lasted 00:06:10 (2936 turns).

bronco the Blocker (Mountain Dwarf Monk)            Turns: 2936, Time: 00:06:11

Health: 0/57       AC:  8    Str: 19    XL:     7   Next: 42%
Magic:  7/7        EV:  9    Int: 13    God:
Gold:   310        SH:  0    Dex: 18    Spells: 6/6 levels left

rFire   . . .        C - +0 morningstar
rCold   . . .        (no shield)
rNeg    . . .        y - +0 scale mail
rPois   .            x - +0 helmet
rElec   .            h - +0 cloak
rCorr   .            (no gloves)
SInv    .            (no boots)
Will    .....        (no amulet) Stlth
                     m - +6 ring of strength
HPRegen 0.29/turn    n - +6 ring of dexterity
MPRegen 0.10/turn

%: no passive effects
@: on berserk cooldown, slowed, very slow
A: runic magic, artefact enchanting
a: no special abilities


You were on level 4 of the Dungeon.
You visited 1 branch of the dungeon, and saw 4 of its levels.

You collected 310 gold pieces.

Inventory:

Hand Weapons
 a - a +0 dagger of venom
 b - a +0 arbalest
 l - a +0 hand axe
 w - a +5 club
 C - a +0 morningstar (weapon)
Missiles
 i - 45 stones (quivered)
 o - 2 silver javelins
 r - 10 poisoned darts
Armour
 e - a +0 kite shield
 h - a +0 cloak (worn)
 j - a +0 robe
 k - a +0 ring mail
 x - a +0 helmet (worn)
 y - a +0 scale mail (worn)
Jewellery
 d - a ring of wizardry
 m - a +6 ring of strength (left hand)
 n - a +6 ring of dexterity (right hand)
 u - a ring of resist corrosion
 A - a +6 ring of intelligence
 D - a ring of magical power
Wands
 s - a wand of flame (13)
Potions
 c - 2 potions of ambrosia
 p - a potion of magic
 v - 2 potions of mutation
 z - a potion of cancellation {unknown}


   Skills:
 - Level 3.2 Fighting
 - Level 3.6 Axes
 - Level 2.1 Dodging
 + Level 9.0 Shields


You had 6 spell levels left.
You didn't know any spells.
Your spell library contained the following spells:

 Spells                   Type           Power      Damage    Failure   Level
 Magic Dart               Conj           0%         1d3       38%         1
 Blink                    Tloc           0%         N/A       52%         2
 Call Imp                 Summ           0%         N/A       52%         2
 Ensorcelled Hibernation  Hex/Ice        0%         N/A       52%         2
 Fugue of the Fallen      Necr           0%         N/A       77%         3
 Anguish                  Hex/Necr       0%         N/A       99%         4


Dungeon Overview and Level Annotations

Branches:
Dungeon (4/15)
 Temple: D:4-7

Altars:
Dithmenos
Yredelemnul

Annotations:
D:3 1 runed translucent door, Crazy Yiuf


Innate Abilities, Weirdness & Mutations

Your spellcasting is much less encumbered by armour.
You can use scrolls of enchantment on lesser artefacts.


Message History

The phantom barely misses you.
You miss the phantom.
The phantom is moderately damaged.
You are no longer berserk.
You are exhausted.
You feel yourself slow down. The phantom closely misses you.
You closely miss the phantom.
The phantom is moderately damaged.
The phantom hits you but does no damage.
The phantom hits you.
* * * LOW HITPOINT WARNING * * *
You barely miss the phantom.
The phantom is moderately damaged.
The phantom hits you.
* * * LOW HITPOINT WARNING * * *
The phantom blinks!
You blink.
The phantom hits you but does no damage.
You closely miss the phantom.
The phantom is moderately damaged.
The phantom hits you.
* * * LOW HITPOINT WARNING * * *
The phantom barely misses you.
You closely miss the phantom.
The phantom is lightly damaged.
The phantom closely misses you. The phantom barely misses you.
You puncture the phantom!
The phantom is severely damaged.
The phantom hits you but does no damage. x2
You miss the phantom.
The phantom is severely damaged.
The phantom hits you but does no damage. x2
The phantom hits you.
* * * LOW HITPOINT WARNING * * *
The phantom blinks!
You blink.
There's something in the way.
You closely miss the phantom.
The phantom is severely damaged.
The phantom hits you but does no damage.
The phantom hits you.
You die...

#######.....# #........#
#...........# #........#
#####'######....###........#
#.......#.........#........#
#.......##.####.#.#........#
#.......##.>.(..#.#........#
#.......##......#...†......# ##
##..<....###.##W#####'####### ..
#........# #.#..@.# #.# ..
#........###.#..#.###.# ..
.....#.......#..#.....# ..
###..#.##########.#############..
....... ..................M....
##.....## #####################..
#.##### ## ... #


You could see a phantom.

Vanquished Creatures
  Grinder (D:3)
  Sigmund (D:3)
  Menkaure (D:4)
  A scorpion (D:4)
  2 hounds (D:4)
  Terence (D:3)
  Robin (D:3)
  An adder (D:2)
  2 ribbon worms
  6 orcs (D:4)
  3 endoplasms
  3 giant cockroaches
  13 goblins
  11 hobgoblins
  2 jackals (D:1)
  7 kobolds
  2 quokkas
  3 ball pythons
  4 bats
  A frilled lizard (D:3)
  4 rats
70 creatures vanquished.

Notes
Turn   | Place    | Note
-------+----------+-------------------------------------------
     0 | D:1      | bronco the Mountain Dwarf Monk began the quest for the Orb.
     0 | D:1      | Reached XP level 1. HP: 19/19 MP: 1/1
   172 | D:1      | Reached skill level 1 in Shields
   351 | D:1      | Reached XP level 2. HP: 12/26 MP: 2/2
   455 | D:1      | Reached skill level 2 in Shields
   495 | D:1      | Found a faded altar of an unknown god.
   882 | D:2      | Reached skill level 3 in Shields
   882 | D:2      | Reached XP level 3. HP: 29/31 MP: 3/3
  1324 | D:3      | Noticed Sigmund
  1339 | D:3      | Killed Sigmund
  1340 | D:3      | Reached skill level 6 in Shields
  1340 | D:3      | Reached XP level 4. HP: 9/38 MP: 4/4
  1340 | D:3      | Reached XP level 5. HP: 11/45 MP: 5/5
  1522 | D:3      | Noticed Robin
  1684 | D:3      | Killed Robin
  1829 | D:3      | Noticed Terence
  1844 | D:3      | Killed Terence
  1845 | D:3      | Reached XP level 6. HP: 29/51 MP: 6/6
  1910 | D:3      | Noticed Grinder
  1912 | D:3      | Paralysed by Grinder for 2 turns
  1935 | D:3      | Killed Grinder
  1936 | D:3      | Reached skill level 7 in Shields
  2026 | D:3      | Found a shadowy altar of Dithmenos.
  2150 | D:3      | Found a runed translucent door.
  2151 | D:3      | Noticed Crazy Yiuf
  2204 | D:3      | Found a basalt altar of Yredelemnul.
  2514 | D:4      | Reached skill level 8 in Shields
  2514 | D:4      | Reached XP level 7. HP: 49/57 MP: 7/7
  2642 | D:4      | Noticed Menkaure
  2923 | D:4      | Killed Menkaure
  2924 | D:4      | Reached skill level 9 in Shields
  2936 | D:4      | Slain by a phantom

Illustrated notes

Levels and vault maps discovered:
D:1:      hellmonk_arrival_library, layout_basic,
          shapermc_ecumenical_altar_totnotflames
D:2:      layout_rooms, st_stairs_2
D:3:      layout_rooms, mainiacjoe_overflow_surrounded_room, lemuel_round_altar,
          uniq_grinder, uniq_sigmund, uniq_robin, uniq_crazy_yiuf_cottage,
          uniq_terence
D:4:      layout_basic, uniq_eustachio, uniq_menkaure

Skill      XL: |  1  2  3  4  5  6  7 |
---------------+----------------------+-----
Shields        | 1 3 6 8 9 |  9.0
Fighting       | |  3.2
Axes           | |  3.6
Dodging        | |  2.1

Action                     |  1- 3 |  4- 6 |  7- 9 || total
---------------------------+-------+-------+-------++-------
  Melee: Hand axe          |    24 |       |       ||    24
         Dagger            |    18 |    70 |     8 ||    96
         Club              |       |     6 |       ||     6
         Morningstar       |       |       |    24 ||    24
   Fire: Arbalest          |    60 |    38 |     5 ||   103
    Use: Scroll            |       |       |     6 ||     6
         Potion            |       |       |     2 ||     2
 Armour: Ring mail         |    61 |    57 |       ||   118
         Robe              |     3 |       |       ||     3
         Scale mail        |       |    21 |    35 ||    56
  Dodge: Dodged            |    47 |    74 |    23 ||   144

Table legend: (Time is in decaauts)
 A = Elapsed time spent in this place.
 B = Non-inter-level travel time spent in this place.
 C = Inter-level travel time spent in this place.
 D = Time resting spent in this place.
 E = Time spent auto-exploring this place.
 F = Levels seen in this place.
 G = Mean time per level.
                   A        B        C        D        E       F      G
               +--------+--------+--------+--------+--------+-----+--------+
         Total |   3048 |   2710 |    338 |    486 |   1447 |   4 |  762.0 |
       Dungeon |   3048 |   2710 |    338 |    486 |   1447 |   4 |  762.0 |
               +--------+--------+--------+--------+--------+-----+--------+

Top non-repeatable levels by time:
     D:3: 1046 daAuts
     D:1: 817 daAuts
     D:2: 794 daAuts
     D:4: 390 daAuts
